 Dungeon Crawl Stone Soup version 0.17-a0-1468-gbf503c2 (webtiles) character file.

42 patman the Cudgeler (level 3, -4/27 HPs)
             Began as a Mummy Gladiator on July 1, 2015.
             Killed by divine providence
             ... invoked by an orc priest
              (16 damage)
             ... on level 3 of the Dungeon.
             The game lasted 00:02:20 (1646 turns).

patman the Cudgeler (Mummy Gladiator)               Turns: 1646, Time: 00:02:20

Health: -4/27      AC:  8    Str: 18    XL:     3   Next: 33%
Magic:  3/3        EV: 11    Int:  8    God:
Gold:   152        SH:  0    Dex: 12    Spells: 0 memorised, 2 levels left

rFire  . . .     SeeInvis .     a - +0 flail
rCold  . . .     Clarity  .     e - +0 ring mail
rNeg   + + +     SustAt   .     (no shield)
rPois  ∞         Gourm    .     c - +2 helmet
rElec  .         Spirit   .     (no cloak)
rCorr  .         Warding  .     (no gloves)
rMut   .         Stasis   .     (no boots)
MR     .....                    (no amulet)
Stlth  +.........               (no ring)
                                i - ring of fire

@: not resistant to hostile enchantments, very unstealthy
A: no food or potions, fire vulnerability, cold resistance 1, negative energy
resistance 3, torment resistance, unbreathing
a: no special abilities


You were on level 3 of the Dungeon.
You were not hungry.

You visited 1 branch of the dungeon, and saw 3 of its levels.

You collected 152 gold pieces.

Inventory:

Hand weapons
 a - a +0 flail (weapon)
Missiles
 d - 3 throwing nets
 f - 3 tomahawks
 l - 5 javelins (quivered)
Armour
 c - a +2 helmet (worn)
 e - a +0 ring mail (worn)
Jewellery
 i - a ring of fire (left hand)
 o - a cursed -3 ring of intelligence {unknown}
Magical devices
 b - a wand of polymorph (16)
Scrolls
 g - a scroll of amnesia
 h - 3 scrolls of teleportation {unknown}
 j - a scroll of blinking {unknown}
 k - a scroll of recharging {unknown}
 m - 2 scrolls of immolation {unknown}
 n - 2 scrolls of identify {unknown}
 p - a scroll of fear {unknown}
 q - a scroll of enchant weapon {unknown}


   Skills:
 - Level 2.0 Fighting
 * Level 3.6 Maces & Flails
 - Level 1.5 Throwing
 - Level 2.4 Dodging


You had 2 spell levels left.
You didn't know any spells.

Dungeon Overview and Level Annotations

Branches:
Dungeon (3/15)

Altars:
Cheibriados
Nemelex Xobeh
Sif Muna


Innate Abilities, Weirdness & Mutations

You do not eat or drink.
Your flesh is vulnerable to fire.
You are immune to poison.
Your flesh is cold resistant.
You are immune to negative energy.
You are immune to unholy pain and torment.
You can survive without breathing.


Message History

The orc priest shouts! 2 orcs come into view.
There are monsters nearby!
There are monsters nearby!
The orc shouts!
The orc priest invokes the aid of Beogh against you.
Something smites you!
Found 14 gold pieces.
An orc wizard comes into view. It is wielding a dagger.
You see here 17 gold pieces.
The orc wizard shouts!
The orc wizard mumbles some strange words.
The orc wizard seems to speed up.
The orc moves out of view.
An orc comes into view.
The orc shouts!
You see here 17 gold pieces.
The orc priest invokes the aid of Beogh against you.
Something smites you!
Ouch! That really hurt!
You die...

. .... .. .... ..o ..#
#..o #.###
#..o.##.#.######
.$.............##
.....o....####..########
#.......$...............
#........@..............
#.###...##.#............
. ......................
....)..##......†........
#.##..###................
#. #.. #.....#'####..#..
.... #.....#.## .....# .
+.....#..# ......
#.....##.##......


You could see an orc priest, an orc wizard and 2 orcs.

Vanquished Creatures
  A worm (D:2)
  3 giant geckos
  2 giant cockroaches
  3 hobgoblins
  4 kobolds
  A quokka (D:2)
  5 bats
  A giant newt (D:1)
  6 goblins
  2 jackals (D:1)
  9 rats
37 creatures vanquished.

Notes
Turn   | Place    | Note
--------------------------------------------------------------
     0 | D:1      | patman the Mummy Gladiator began the quest for the Orb.
     0 | D:1      | Reached XP level 1. HP: 16/16 MP: 1/1
   165 | D:1      | Reached XP level 2. HP: 16/22 MP: 2/2
   189 | D:1      | Reached skill level 3 in Maces & Flails
   325 | D:1      | HP: 1/22 [giant gecko (4)]
   969 | D:2      | Reached XP level 3. HP: 27/27 MP: 3/3
  1001 | D:2      | Found a sparkling altar of Nemelex Xobeh.
  1306 | D:2      | Found a snail-covered altar of Cheibriados.
  1545 | D:3      | Found a deep blue altar of Sif Muna.
  1646 | D:3      | Killed from afar by an orc priest

Vault maps used:
D:1:      saegor_arrival_simple_d
D:2:      cheibriados_altar_1, nemelex_diamond_rough_becter
D:3:      nicolae_overflow_crystal_walls, uniq_natasha

Action                   || total
-------------------------++-------
Melee: Flail             ||   113
  Use: Scroll            ||     3
